 Dungeon Crawl Stone Soup version 0.29-a0-380-gf50f0a9fbc (webtiles) character file.

Game seed: 7614808713504821349

156 jlumianski the Covered (level 5, 0/41 HPs)
             Began as a Demonspawn Fighter on May 5, 2022.
             Killed from afar by Ijyb (41 damage)
             ... with a bolt of acid
             ... on level 3 of the Dungeon.
             The game lasted 00:12:24 (3061 turns).

jlumianski the Covered (Demonspawn Fighter)         Turns: 3061, Time: 00:12:25

Health: 0/41       AC:  8    Str: 21    XL:     5   Next: 14%
Magic:  5/5        EV:  9    Int:  9    God:
Gold:   133        SH:  5    Dex: 19    Spells: 4/4 levels left

rFire   + + .      SeeInvis .   a - +0 war axe
rCold   + + +      Faith    .   c - +0 buckler
rNeg    . . .      Spirit   .   b - +0 scale mail
rPois   .          Reflect  .   v - +0 helmet
rElec   .          Harm     .   (no cloak)
rCorr   .          Rampage  .   (no gloves)
Will    .....                   (no boots)
Stlth   ..........              (no amulet)
HPRegen 0.13/turn               q - ring "Yrixzer" {Drain rF++ rC+++ Str+3 Dex+6}
MPRegen 0.09/turn               (no ring)

@: no status effects
A: hooves 1, powered by death 1
a: no special abilities


You were on level 3 of the Dungeon.
You visited 1 branch of the dungeon, and saw 3 of its levels.

You collected 133 gold pieces.

Inventory:

Hand Weapons
 a - a +0 war axe (weapon)
 e - a +1 dagger of venom
 r - a +2 short sword of speed
 u - a +2 dagger of venom
Missiles
 f - 2 poisoned darts (quivered)
 k - 38 stones
Armour
 b - a +0 scale mail (worn)
 c - a +0 buckler (worn)
 v - a +0 helmet (worn)
Jewellery
 q - the ring "Yrixzer" (left hand) {Drain rF++ rC+++ Str+3 Dex+6}
   (You found it on level 3 of the Dungeon)

   [ring of dexterity]

   Str:       It affects your strength (+3).
   Dex:       It affects your dexterity (+6).
   rF:        It greatly protects you from fire.
   rC:        It renders you almost immune to cold.
   Drain:     It drains your maximum health when unequipped.
Scrolls
 i - a scroll of blinking {unknown}
 m - a scroll of fear {unknown}
 n - a scroll of identify
 p - a scroll of vulnerability {unknown}
Potions
 d - a potion of might
 g - 3 potions of heal wounds
 h - a potion of degeneration
 j - a potion of lignification {unknown}
 l - 4 potions of flight {unknown}
 o - a potion of ambrosia {unknown}
 s - a potion of mutation {unknown}
 t - a potion of curing {unknown}


   Skills:
 + Level 3.6 Fighting
 + Level 3.2 Axes
 + Level 3.7 Armour
 + Level 0.7 Dodging
 + Level 0.1 Stealth
 + Level 2.9 Shields


You had 4 spell levels left.
You didn't know any spells.
Your spell library contained the following spells:

 Spells                   Type           Power      Damage    Failure   Level
 Corpse Rot               Necr/Air       0%         N/A       91%         2
 Call Canine Familiar     Summ           0%         N/A       99%         3
 Confusing Touch          Hex            0%         N/A       99%         3
 Portal Projectile        Hex/Tloc       0%         N/A       99%         3
 Dispel Undead            Necr           0%         3d6       100%        4
 Leda's Liquefaction      Hex/Erth       0%         N/A       100%        4
 Yara's Violent Unravell  Hex/Tmut       0%         3d3       100%        5
 Death Channel            Necr           0%         N/A       100%        6
 Enfeeble                 Hex            0%         N/A       100%        7


Dungeon Overview and Level Annotations

Branches:
Dungeon (3/15)

Altars:

Annotations:
D:3 Ijyb


Innate Abilities, Weirdness & Mutations

You have large cloven feet.
You regenerate a little health from kills.


Message History

You barely miss the quokka. You kick the quokka.
The quokka is almost dead.
The quokka bites you. The quokka barely misses you.
You closely miss the quokka.
The quokka is severely wounded.
You block the quokka's attack.
You closely miss the quokka.
The quokka is severely wounded.
The quokka twitches its whiskers.
The quokka barely misses you. You block the quokka's attack.
You hit the quokka but do no damage.
The quokka is severely wounded.
The quokka bites you.
You closely miss the quokka. You kick the quokka, but do no damage.
The quokka is severely wounded.
You block the quokka's attack. The quokka closely misses you.
You slash the quokka!
You kill the quokka!
You see here a quokka corpse.
There is a stone staircase leading up here.
You see here a giant cockroach corpse.
You see here a quokka corpse.
Found a stone staircase leading down.
k - 38 stones (gained 4)
A hobgoblin comes into view.
Unknown command.
You block the hobgoblin's attack.
You slash the hobgoblin!
You kill the hobgoblin!
There is a stone staircase leading down here.
A hobgoblin comes into view.
The hobgoblin shouts!
You hit the hobgoblin. You kick the hobgoblin.
You kill the hobgoblin!
You see here a quokka corpse.
Ijyb the Twisted Goblin comes into view.
She is wielding a +0 dagger and carrying a wand of acid (8).
Ijyb shouts!
Ijyb zaps a wand.
The bolt of acid hits you!!!
Ouch! That really hurt!
You die...

......g......#
..#.#.######.# ..
#.# #. #.# #... #
#.# #<.### #.#
#..#.# #.#
###..#.##########g#
8#..............@.#
......##..#########
......#...##
...........#
8#.<†..#.###
##...#...#
.....#.### #.#.....#
#.#.##..############


You could see Ijyb.

Vanquished Creatures
  Natasha (D:2)
  Robin (D:3)
  2 adders
  2 worms (D:3)
  A dart slug (D:2)
  2 orcs (D:3)
  8 ball pythons
  3 bats
  4 endoplasms
  3 giant cockroaches
  12 hobgoblins
  5 jackals (D:1)
  2 kobolds (D:2)
  6 quokkas
  2 frilled lizards
  20 goblins
  7 rats
81 creatures vanquished.

Notes
Turn   | Place    | Note
-------+----------+-------------------------------------------
     0 | D:1      | jlumianski the Demonspawn Fighter began the quest for the
                  | Orb.
     0 | D:1      | Reached XP level 1. HP: 18/18 MP: 1/1
   363 | D:1      | Discovered your monstrous ancestry.
   363 | D:1      | Gained mutation: You have large cloven feet. [demonic
                  | ancestry]
   363 | D:1      | Reached XP level 2. HP: 19/24 MP: 2/2
   813 | D:1      | Gained mutation: You regenerate a little health from kills.
                  | [demonic ancestry]
   813 | D:1      | Reached XP level 3. HP: 29/29 MP: 3/3
  1306 | D:2      | Noticed Natasha
  1314 | D:2      | Killed Natasha
  1315 | D:2      | Reached XP level 4. HP: 30/35 MP: 4/4
  1458 | D:2      | Found a faded altar of an unknown god.
  2104 | D:3      | Identified the ring "Yrixzer" {Drain rF++ rC+++ Str+3
                  | Dex+6}
  2183 | D:3      | Noticed Robin
  2382 | D:3      | Killed Robin
  2383 | D:3      | Reached XP level 5. HP: 17/41 MP: 5/5
  3042 | D:3      | Noticed Ijyb
  3061 | D:3      | Killed from afar by Ijyb

Illustrated notes

Levels and vault maps discovered:
D:1:      dpeg_arrival_radiant, layout_loops_ring, grunt_decor_one_mirror
D:2:      layout_basic, ebering_ecumenical_altar_rust, uniq_natasha
D:3:      layout_basic, serial_corexii_hall, chequers_hall_statues_corner_a,
          corexii_hall_statues_t, corexii_hall_statues_i,
          chequers_hall_statues_y, corexii_hall_statues_s,
          chequers_hall_statues_wall_a, dk_vineyard_3, grunt_decor_arrowhead,
          grunt_decor_mini_mirrors, st_stairs_11, uniq_robin, uniq_ijyb

Skill      XL: |  1  2  3  4 |
---------------+-------------+-----
Axes           | 2 3 |  3.2
Armour         | 3 |  3.7
Fighting       | |  3.6
Dodging        | |  0.7
Stealth        | |  0.1
Shields        | |  2.9

Action                   |  1- 3 |  4- 6 || total
-------------------------+-------+-------++-------
Melee: War axe           |    79 |   103 ||   182
       Kick              |     8 |    26 ||    34
  Use: Scroll            |     3 |     1 ||     4
Armor: Scale mail        |    41 |    57 ||    98
Dodge: Dodged            |    42 |    64 ||   106
Block: Buckler           |    19 |    44 ||    63

Table legend: (Time is in decaauts)
 A = Elapsed time spent in this place.
 B = Non-inter-level travel time spent in this place.
 C = Inter-level travel time spent in this place.
 D = Time resting spent in this place.
 E = Time spent auto-exploring this place.
 F = Levels seen in this place.
 G = Mean time per level.
                   A        B        C        D        E       F      G
               +--------+--------+--------+--------+--------+-----+--------+
         Total |   3147 |   3147 |      0 |    345 |   1739 |   3 | 1049.0 |
       Dungeon |   3147 |   3147 |      0 |    345 |   1739 |   3 | 1049.0 |
               +--------+--------+--------+--------+--------+-----+--------+

Top non-repeatable levels by time:
     D:2: 1194 daAuts
     D:1: 1075 daAuts
     D:3: 878 daAuts
